AoeStats
← TenienteDAN

Four Lakes

509009198Analyzed
1v1 RM · 6d ago on Sep 25, 2026· 35m 27s· 2 players
Game mode
Random Map
Map size
Tiny (2 player)
Population
200
Speed
Normal
Resources
Standard
Victory
Conquest
Starting age
Dark Age
Ending age
Imperial Age
RankedLock teamsTeams togetherTeam positionsShared explorationLock speedFull tech treeHidden civsTurbo modeCheats
Victory
Defeat
🇨🇦 Chinese · Canada
1165
+15
🇦🇷 Dravidians · Argentina
1140
-15
TenienteDAN
5:49 Loom
10:38 Feudal Age
11:53 Double-Bit Axe
11:59 Fishing Lines
20:39 Castle Age
18:50 Fletching
19:01 Padded Archer Armor
20:54 Elite Skirmisher
22:46 Gold Mining
23:22 Husbandry
24:39 Bodkin Arrow
26:43 Leather Archer Armor
26:37 Thumb Ring
30:49 Town Watch
31:39 Bow Saw
bozhemoi
0:31 Loom
11:20 Feudal Age
16:18 Castle Age
14:22 Fishing Lines
16:35 Fletching
16:31 Crossbowman
17:49 Bodkin Arrow
19:31 Wheelbarrow
19:00 Horse Collar
21:24 Heavy Plow
22:11 Padded Archer Armor
23:18 Double-Bit Axe
24:48 Scale Mail Armor
26:47 Chain Mail Armor
27:30 Hand Cart
27:36 Leather Archer Armor
29:16 Bow Saw
30:39 Forging
31:15 Gold Mining
31:17 Stone Mining
32:01 Ballistics
35:34 Imperial Age
34:10 Stone Shaft Mining
34:13 Gold Shaft Mining
34:42 Thumb Ring
34:49 Masonry
34:48 Gillnets
Connection lost

Rejoining the realm…

Still unreachable

The connection could not be restored.

Session expired

The server has moved on; the page needs a fresh start.